 Dungeon Crawl Stone Soup version 0.26.1-11-gd32895ea62 (webtiles) character file.

Game seed: 16061255024976390088

59 vvl the Chiller (level 3, 0/25 HPs)
             Began as a Demonspawn Ice Elementalist on July 21, 2021.
             Slain by a gnoll
             ... wielding a +3 flail
              (9 damage)
             ... on level 3 of the Dungeon.
             The game lasted 00:05:08 (2679 turns).

vvl the Chiller (Demonspawn Ice Elementalist)       Turns: 2679, Time: 00:05:09

Health: 0/25       AC:  6    Str:  8    XL:     3   Next: 78%
Magic:  1/6        EV: 10    Int: 17    God:
Gold:   113        SH:  0    Dex: 13    Spells: 5/6 levels left

rFire    . . .     SeeInvis .   e - +0 dagger
rCold    . . .     Faith    .   (no shield)
rNeg     . . .     Spirit   .   b - +0 ring mail
rPois    .         Reflect  .   h - +0 helmet
rElec    .         Harm     .   (no cloak)
rCorr    .         Rampage  .   (no gloves)
Will     .....                  (no boots)
Stlth    +.........             (no amulet)
HPRegen  0.08/turn              (no ring)
MPRegen  0.10/turn              (no ring)

@: no status effects
A: demonic guardian 1
a: no special abilities


You were on level 3 of the Dungeon.
You visited 1 branch of the dungeon, and saw 3 of its levels.

You collected 113 gold pieces.

Inventory:

Hand Weapons
 e - a +0 dagger (weapon)
Armour
 b - a +0 ring mail (worn)
 h - a +0 helmet (worn)
Jewellery
 m - a cursed ring of attention {unknown}
Scrolls
 d - 2 scrolls of fear {unknown}
 i - 2 scrolls of identify {unknown}
 k - a scroll of immolation {unknown}
 l - a scroll of enchant armour {unknown}
 n - a scroll of remove curse {unknown}
Potions
 a - a potion of heal wounds {unknown}
 c - a potion of curing
 f - 2 potions of mutation {unknown}
 g - a potion of degeneration {unknown}
 j - 2 potions of berserk rage {unknown}
 o - a potion of flight {unknown}


   Skills:
 + Level 0.7 Fighting
 + Level 0.8 Polearms
 + Level 0.9 Armour
 + Level 2.1 Dodging
 - Level 1.7 Stealth
 + Level 2.2 Spellcasting
 * Level 4.1 Ice Magic
 + Level 1.1 Invocations


You had 5 spell levels left.
You knew the following spells:

 Your Spells              Type           Power        Failure   Level
a - Freeze                Ice            60%          11%         1

Your spell library contained the following spells:

 Spells                   Type           Power        Failure   Level
 Frozen Ramparts          Ice            30%          32%         3
 Ozocubu's Armour         Ice            15%          32%         3
 Hailstorm                Conj/Ice       8%           94%         4
 Summon Ice Beast         Ice/Summ       8%           94%         4


Dungeon Overview and Level Annotations

Branches:
Dungeon (3/15)

Altars:
Dithmenos


Innate Abilities, Weirdness & Mutations

A weak demonic guardian rushes to your aid.


Message History

You freeze the gnoll.
The gnoll is severely wounded.
The gnoll hits you but does no damage.
Casting: Freeze (safe; 11% risk of failure)
Confirm with . or Enter, or press ? or * to list all spells.
Aiming: Freeze (safe; 11% risk of failure)
Press: ? - help, Shift-Dir - straight line, f/p - gnoll
Aim: a gnoll, wielding a +3 flail (severely wounded)
You freeze the gnoll.
The gnoll is severely wounded.
The gnoll closely misses you.
Casting: Freeze (safe; 11% risk of failure)
Confirm with . or Enter, or press ? or * to list all spells.
Aiming: Freeze (safe; 11% risk of failure)
Press: ? - help, Shift-Dir - straight line, f/p - gnoll
Aim: a gnoll, wielding a +3 flail (severely wounded)
You freeze the gnoll.
The gnoll is severely wounded.
The gnoll hits you with a +3 flail!
You die...

#..# .. #..#. ..
#..#.#####. #... ......
..# l.#.# # #.#
#.#.#####
#.######.####.#.#....
#...@glg>...g........
################.#......
#<........# #........
#########.. #........
#........ #.....###
#.....# .......#
###....#


You could see 2 gnolls and a frilled lizard.

Vanquished Creatures
  An adder (D:2)
  A worm (D:2)
  2 dart slugs
  2 leopard geckos (D:2)
  A giant cockroach (D:1)
  2 goblins (D:1)
  6 hobgoblins
  2 quokkas (D:2)
  A bat (D:2)
  5 frilled lizards
  6 kobolds
  5 rats (D:1)
34 creatures vanquished.

Vanquished Creatures (collateral kills)
  A gnoll (D:3)
1 creature vanquished.

Grand Total: 35 creatures vanquished

Notes
Turn   | Place    | Note
-------+----------+-------------------------------------------
     0 | D:1      | vvl the Demonspawn Ice Elementalist began the quest for the
                  | Orb.
     0 | D:1      | Reached XP level 1. HP: 13/13 MP: 3/3
   436 | D:1      | Gained mutation: A weak demonic guardian rushes to your
                  | aid. [demonic ancestry]
   436 | D:1      | Reached XP level 2. HP: 19/19 MP: 5/5
  1443 | D:2      | Reached skill level 4 in Ice Magic
  1691 | D:2      | Reached XP level 3. HP: 25/25 MP: 6/6
  2322 | D:2      | Found a shadowy altar of Dithmenos.
  2330 | D:2      | Reached skill level 1 in Invocations
  2679 | D:3      | Slain by a gnoll

Illustrated notes

Levels and vault maps discovered:
D:1:      heliophobic_arrival_henge, layout_basic, minmay_misc_feat_iff,
          minmay_quantized
D:2:      layout_loops_ring, nicolae_dithmenos_through_a_glass_darkly
D:3:      layout_basic, uniq_sigmund

Skill      XL: |  1  2  3 |
---------------+----------+-----
Ice Magic      | 4 |  4.1
Dodging        | 2 |  2.1
Invocations    | 1 |  1.1
Fighting       | |  0.7
Polearms       | |  0.8
Armour         | |  0.9
Stealth        | |  1.7
Spellcasting   | |  2.2

Action                   || total
-------------------------++-------
Melee: Dagger            ||   128
       Unarmed           ||     2
 Cast: Freeze            ||    39
  Use: Potion            ||     1
Armor: Ring mail         ||    58
Dodge: Dodged            ||    93
